[Event "Titled Tuesday Blitz February 28 Late 2023"]
[White "Kramnik, Vladimir"]
[Black "Perez Ponsa, Federico"]
[WhiteFideId "4101588"]
[BlackFideId "117927"]
[WhiteElo "2712"]
[BlackElo "2592"]
[Result "0-1"]
[Round "04"]
[TimeControl "180+2"]
[Date "2023.02.28"]
[WhiteClock "0:00:04"]
[BlackClock "0:00:07"]

1. c4 Nf6 2. Nc3 g6 3. g3 Bg7 4. Bg2 O-O 5. Nf3 d6 6. O-O Nc6 7. d3 e5 8. b3 h6 9. Bb2 Be6 10. e3 Qd7 11. Re1 Bh3 12. d4 Bxg2 13. Kxg2 e4 14. Nd2 Rae8 15. Ba3 Qf5 16. h3 h5 17. Nb5 Qd7 18. f4 exf3+ 19. Qxf3 Nh7 20. Qf4 Nd8 21. Nc3 Ne6 22. Qf2 c5 23. Nf3 Neg5 24. Nxg5 Nxg5 25. Rh1 Ne4 26. Nxe4 Rxe4 27. Rad1 cxd4 28. exd4 Rfe8 29. Rhe1 Bxd4 30. Qf1 Rxe1 31. Rxe1 Rxe1 32. Qxe1 Qc6+ 33. Kh2 Qf3 34. Bc1 Be5 35. h4 a6 36. Bg5 f6 37. Be3 g5 38. hxg5 h4 39. Bf2 fxg5 40. Kg1 h3 41. Qf1 Bxg3 42. Bxg3 Qxg3+ 43. Kh1 g4 44. Qe2 Qf3+ 0-1


[Site "https://www.chess.com"]

[Event "Titled Tuesday Blitz February 28 Late 2023"]
[White "Fedoseev, Vladimir"]
[Black "Kravtsiv, Martyn"]
[WhiteFideId "24130737"]
[BlackFideId "14113147"]
[WhiteElo "2752"]
[BlackElo "2695"]
[Result "0-1"]
[Round "04"]
[TimeControl "180+2"]
[Date "2023.02.28"]
[WhiteClock "0:00:05"]
[BlackClock "0:00:10"]

1. e4 e5 2. Nf3 Nc6 3. Bb5 a6 4. Ba4 Nf6 5. O-O Be7 6. Re1 b5 7. Bb3 O-O 8. a4 b4 9. a5 d6 10. d3 Rb8 11. Nbd2 Be6 12. Bxe6 fxe6 13. Nb3 Qe8 14. Qe2 Rb5 15. d4 Nh5 16. dxe5 dxe5 17. Be3 Bd6 18. Qc4 Nd8 19. Nfd2 Qc6 20. Qd3 Nf6 21. f3 Nf7 22. Kh1 h6 23. Rad1 Be7 24. Qc4 Qxc4 25. Nxc4 Rd8 26. Rxd8+ Nxd8 27. Rd1 Nc6 28. Kg1 Kf7 29. Kf2 Ke8 30. Ke2 Nd7 31. g3 Nd8 32. h4 Nf7 33. h5 Nd6 34. Nbd2 Nxc4 35. Nxc4 Nb8 36. g4 Nc6 37. Ra1 Bc5 38. c3 bxc3 39. bxc3 Bxe3 40. Kxe3 Ke7 41. Kd3 Kf6 42. Ke3 Rc5 43. Ra4 Rb5 44. Ra2 Ke7 45. Kd3 Nd8 46. Rb2 Nc6 47. Rxb5 axb5 48. Na3 Nxa5 49. Nxb5 Kd7 50. Na3 Kd6 51. Nb5+ Kc6 52. Na3 Kc5 53. Nc2 Nc4 54. Ne1 Nb2+ 55. Kc2 Nc4 56. Nd3+ Kd6 57. Kd1 Ne3+ 58. Ke2 Ng2 59. Kd2 Nf4 60. Nb2 Kc5 61. Kc2 Kb5 62. Kb3 Kc5 63. Na4+ Kb5 64. Nb2 Kc5 65. Kc2 Kb5 66. Kd2 Kc5 67. Nd1 Kc4 68. Ne3+ Kb3 69. Nc2 c5 70. Ne3 Nh3 71. Nf1 Ng5 72. Nh2 c4 73. Nf1 Nxf3+ 74. Ke3 Ng5 75. Nd2+ Kxc3 76. Nf1 Kb2 77. Nd2 c3 78. Nc4+ Kb1 79. Nxe5 c2 80. Nd3 c1=Q+ 81. Nxc1 Kxc1 82. e5 Kc2 83. Kd4 Kd2 0-1


[Site "https://www.chess.com"]

[Event "Titled Tuesday Blitz February 28 Late 2023"]
[White "Fier, Alexandr"]
[Black "Bluebaum, Matthias"]
[WhiteFideId "2107139"]
[BlackFideId "24651516"]
[WhiteElo "2610"]
[BlackElo "2638"]
[Result "0-1"]
[Round "04"]
[TimeControl "180+2"]
[Date "2023.02.28"]
[WhiteClock "0:00:38"]
[BlackClock "0:00:12"]

1. e4 e6 2. d4 d5 3. Nc3 Nf6 4. e5 Nfd7 5. f4 c5 6. Nf3 Nc6 7. Be3 a6 8. a3 cxd4 9. Nxd4 Bc5 10. Qd2 g5 11. Nf3 d4 12. Bxd4 Nxd4 13. Nxd4 gxf4 14. Qxf4 Nxe5 15. O-O-O Ng6 16. Qe4 Qg5+ 17. Kb1 Qe5 18. g3 Qxe4 19. Nxe4 Be7 20. Bg2 O-O 21. Nb3 Ra7 22. Nd6 b5 23. Nxc8 Rxc8 24. c3 a5 25. Nd4 b4 26. cxb4 axb4 27. Nc6 Rac7 28. Nxe7+ Nxe7 29. axb4 Rb8 30. Rd4 Nf5 31. Rf4 Ne3 32. Bf3 Rc4 33. Rxc4 Nxc4 34. Kc2 Rxb4 35. Kc3 Rxb2 36. Kxc4 Rf2 37. Bb7 Kg7 38. Kd4 h6 39. Ke3 Rb2 40. h4 Rxb7 41. Ra1 Rb3+ 42. Kf2 Kg6 43. Ra7 h5 44. Ra5 f6 45. Ra8 e5 46. Rh8 Rb7 47. Kf3 Rh7 48. Rg8+ Kf5 49. Rf8 Ra7 50. Rh8 e4+ 51. Ke3 Ra3+ 52. Kf2 Ra2+ 53. Ke3 Ra3+ 54. Kf2 Kg4 55. Rg8+ Kh3 56. Rg6 Rf3+ 57. Ke2 f5 58. Rg5 Kg2 59. Ke1 Kh2 60. Ke2 Kh3 61. Ke1 Rxg3 62. Rxf5 Kxh4 63. Re5 e3 64. Ke2 Kg4 65. Re4+ Kh3 66. Re5 h4 67. Re4 Rg4 68. Rxe3+ Kg2 69. Rf3 Re4+ 0-1


[Site "https://www.chess.com"]

[Event "Titled Tuesday Blitz February 28 Late 2023"]
[White "Bortnyk, Olexandr"]
[Black "Hambleton, Aman"]
[WhiteFideId "14120828"]
[BlackFideId "2606577"]
[WhiteElo "2734"]
[BlackElo "2511"]
[Result "1-0"]
[Round "04"]
[TimeControl "180+2"]
[Date "2023.02.28"]
[WhiteClock "0:00:03"]
[BlackClock "0:00:01"]

1. e4 e6 2. d4 b6 3. Nc3 Bb7 4. Bd3 Nf6 5. Nf3 Bb4 6. Qe2 d5 7. e5 Ne4 8. O-O Nxc3 9. bxc3 Bxc3 10. Rb1 Nc6 11. Qe3 h6 12. Ba3 Qd7 13. Rfc1 a6 14. h4 Ne7 15. h5 Ba5 16. Qf4 Nf5 17. Bxf5 exf5 18. e6 fxe6 19. Ne5 Qa4 20. Ng6 O-O-O 21. Be7 Rd7 22. Nxh8 Rxe7 23. Ng6 Re8 24. Ne5 b5 25. Nd3 Bb6 26. c3 Qxa2 27. Qg3 Re7 28. Re1 Kb8 29. Nf4 Bc8 30. Ng6 Re8 31. Ne5 Qd2 32. Re3 f4 33. Qxf4 Kb7 34. Qf7 Rd8 35. Qxg7 Qc2 36. Ra1 Qf5 37. Qxh6 Rg8 38. Rf3 Qc2 39. Kh2 Qb2 40. Qc1 Qb3 41. c4 Qb4 42. cxb5 Qxd4 43. bxa6+ Ka8 44. Qc6+ Ka7 45. Qc3 Qh4+ 46. Kg1 Qxh5 47. Rb1 Rh8 48. Rh3 Qf5 49. Rxb6 Rxh3 50. Qxc7+ Ka8 51. Qb8# 1-0


[Site "https://www.chess.com"]

[Event "Titled Tuesday Blitz February 28 Late 2023"]
[White "Svane, Rasmus"]
[Black "Pulpan, Jakub"]
[WhiteFideId "4657101"]
[BlackFideId "302759"]
[WhiteElo "2597"]
[BlackElo "2484"]
[Result "1-0"]
[Round "04"]
[TimeControl "180+2"]
[Date "2023.02.28"]
[WhiteClock "0:00:10"]
[BlackClock "0:00:01"]

1. Nf3 d5 2. g3 g6 3. Bg2 Bg7 4. d4 Nh6 5. O-O Nf5 6. c3 O-O 7. Nbd2 Nd6 8. Re1 Nd7 9. e4 dxe4 10. Ng5 e3 11. Rxe3 e5 12. dxe5 Nxe5 13. Ngf3 Ndc4 14. Re1 Bg4 15. Qa4 Nxd2 16. Nxe5 Be6 17. Bxb7 Rb8 18. Bg2 Bd5 19. Nd7 Nf3+ 20. Bxf3 Bxf3 21. Nxb8 Qxb8 22. Qf4 Ba8 23. f3 Qb7 24. Be3 h5 25. Re2 Bh6 26. Qe4 Qa6 27. Qc2 Re8 28. Kf2 Qc6 29. Rf1 Qxf3+ 30. Ke1 Qg4 31. Bxh6 Be4 32. Qd2 1-0


[Site "https://www.chess.com"]

[Event "Titled Tuesday Blitz February 28 Late 2023"]
[White "Bashirli, Nail"]
[Black "Sarana, Alexey"]
[WhiteFideId "13406809"]
[BlackFideId "24133795"]
[WhiteElo "2336"]
[BlackElo "2717"]
[Result "0-1"]
[Round "04"]
[TimeControl "180+2"]
[Date "2023.02.28"]
[WhiteClock "0:00:21"]
[BlackClock "0:01:59"]

1. e4 c5 2. Nc3 d6 3. Nf3 Nf6 4. e5 dxe5 5. Nxe5 a6 6. a4 e6 7. g3 Qc7 8. Qe2 Nc6 9. Nxc6 Qxc6 10. Rg1 Bd7 11. d3 Be7 12. g4 Qc7 13. g5 Nd5 14. Nxd5 exd5 15. Bd2 O-O-O 16. a5 Rhe8 17. O-O-O Bxg5 18. Be3 Bxe3+ 19. fxe3 Qxa5 20. Kb1 g6 21. Qf3 Be6 22. Bg2 Rd6 23. d4 c4 24. e4 Rb6 25. exd5 c3 26. b3 Bf5 27. Rd3 Bxd3 28. Qxd3 Kb8 29. Rf1 Rc8 30. Qg3+ Ka7 31. Qe3 Qa3 32. Qc1 Rxb3+ 33. cxb3 c2+ 0-1


[Site "https://www.chess.com"]

[Event "Titled Tuesday Blitz February 28 Late 2023"]
[White "Salimova, Nurgyul"]
[Black "Alekseenko, Kirill"]
[WhiteFideId "2915138"]
[BlackFideId "4135539"]
[WhiteElo "2314"]
[BlackElo "2683"]
[Result "1-0"]
[Round "04"]
[TimeControl "180+2"]
[Date "2023.02.28"]
[WhiteClock "0:00:05"]
[BlackClock "0:00:04"]

1. d4 d5 2. Nf3 Nf6 3. Bf4 Nh5 4. Bc1 g6 5. c4 c6 6. Nc3 Bg7 7. cxd5 cxd5 8. Qb3 e6 9. Bg5 Nf6 10. e3 O-O 11. Bd3 Nc6 12. O-O h6 13. Bh4 g5 14. Bg3 Nh5 15. Rfc1 Nxg3 16. hxg3 Bd7 17. g4 Qe7 18. Qd1 Rfc8 19. a3 Qd6 20. b4 Ne7 21. Ne2 a5 22. Qd2 axb4 23. axb4 Nc6 24. Rxa8 Rxa8 25. b5 Nb4 26. Bb1 Bxb5 27. Ng3 Bc4 28. Nh5 b5 29. Nxg7 Kxg7 30. e4 Qf4 31. Qe1 Ra3 32. Ne5 dxe4 33. g3 Qxc1 34. Qxc1 Bd5 35. Qe1 Nd3 36. Bxd3 exd3 37. f3 b4 38. Qd2 b3 39. Nxd3 Ra2 40. Qc3 Rc2 41. Qb4 Rc4 42. Qxb3 Rc6 43. Qb2 Ra6 44. Ne5 Ra2 45. Qc3 Ra4 46. Kf2 Kf6 47. Ke3 Ra7 48. f4 Rb7 49. fxg5+ Kxg5 50. Nd3 f6 51. Qd2 Rb3 52. Kf2+ Kxg4 53. Qf4+ Kh5 54. Qh4+ Kg6 55. Nf4+ Kf5 56. Nxd5 exd5 57. Qh5+ Ke4 58. Qxh6 Rb2+ 59. Kg1 Rb1+ 60. Kg2 Kxd4 61. Qxf6+ Kc5 62. Qe7+ Kc4 63. Qc7+ Kd4 64. Qf4+ Kc5 65. Qe3+ d4 66. Qe5+ Kc4 67. Qc7+ Kb3 68. Qb6+ Kc2 69. Qxd4 Rb3 70. Qc4+ 1-0


[Site "https://www.chess.com"]

[Event "Titled Tuesday Blitz February 28 Late 2023"]
[White "Abdrlauf, Elham"]
[Black "Wieczorek, Oskar"]
[WhiteFideId "1533533"]
[BlackFideId "1133950"]
[WhiteElo "2476"]
[BlackElo "2418"]
[Result "1-0"]
[Round "04"]
[TimeControl "180+2"]
[Date "2023.02.28"]
[WhiteClock "0:01:41"]
[BlackClock "0:00:43"]

1. e4 c5 2. Nf3 e6 3. c3 d5 4. e5 Nc6 5. d4 Bd7 6. Be2 f6 7. exf6 Nxf6 8. O-O Bd6 9. c4 Nxd4 10. Nxd4 cxd4 11. cxd5 e5 12. Nd2 O-O 13. Nc4 Bb5 14. Bg5 Bxc4 15. Bxc4 Qd7 16. Qe2 Rae8 17. Bb5 Qf5 18. Bxf6 Qxf6 19. Bxe8 Rxe8 20. Qe4 a6 21. Rad1 h6 22. Rd3 Rf8 23. Rf3 Qe7 24. Rxf8+ Qxf8 25. Rc1 Qf6 26. Rc8+ Kf7 27. g3 Ke7 28. Qh7 Qf7 29. Qh8 Qxd5 30. Qf8+ 1-0


[Site "https://www.chess.com"]

[Event "Titled Tuesday Blitz February 28 Late 2023"]
[White "Rustemov, Alexander"]
[Black "Pham, Khoi"]
[WhiteFideId "4119002"]
[BlackFideId "1054988"]
[WhiteElo "2916"]
[BlackElo "2563"]
[Result "1-0"]
[Round "04"]
[TimeControl "180+2"]
[Date "2023.02.28"]
[WhiteClock "0:00:09"]
[BlackClock "0:00:02"]

1. d4 Nf6 2. c4 g6 3. Nf3 Bg7 4. g3 O-O 5. Bg2 d6 6. Nc3 Nc6 7. O-O a6 8. h3 Rb8 9. e4 e5 10. Be3 b5 11. dxe5 Nxe5 12. Nxe5 dxe5 13. cxb5 axb5 14. Qc2 Be6 15. Rfd1 Qc8 16. Kh2 c5 17. Nd5 Bxd5 18. exd5 Nd7 19. Rac1 c4 20. b3 cxb3 21. Qxb3 Qa6 22. d6 Nb6 23. Rc6 Qa5 24. d7 Nc4 25. Bg5 f6 26. Bc1 Kh8 27. a4 e4 28. axb5 Ne5 29. Rcd6 f5 30. Bg5 Nf7 31. d8=Q Nxd8 32. Be7 Rg8 33. Bf6 Nf7 34. Bxg7+ Rxg7 35. Ra6 Qxb5 36. Qxb5 Rxb5 37. Ra8+ Rg8 38. Ra7 Ne5 39. Rc1 Re8 40. Rcc7 Rb2 41. Kg1 Nd3 42. Rxh7+ Kg8 43. Bf1 Nxf2 44. Bc4+ Kf8 45. Rh8# 1-0


[Site "https://www.chess.com"]

[Event "Titled Tuesday Blitz February 28 Late 2023"]
[White "Li, Ruifeng"]
[Black "Yu, Yangyi"]
[WhiteFideId "2061074"]
[BlackFideId "8603820"]
[WhiteElo "2441"]
[BlackElo "2783"]
[Result "0-1"]
[Round "04"]
[TimeControl "180+2"]
[Date "2023.02.28"]
[WhiteClock "0:00:02"]
[BlackClock "0:00:03"]

1. b3 d5 2. Bb2 Bf5 3. d3 Nf6 4. g3 e6 5. Bg2 Be7 6. Nd2 h6 7. e4 Bh7 8. Ne2 O-O 9. O-O c5 10. Nf4 dxe4 11. dxe4 Nc6 12. e5 Nd5 13. Nxd5 exd5 14. f4 Qd7 15. Nc4 d4 16. Ne3 Rfd8 17. Nd5 Nb4 18. Nxb4 cxb4 19. Kh1 Rac8 20. Rf2 d3 21. cxd3 Bxd3 22. Rd2 Qb5 23. Qe1 Bf5 24. Rad1 Rxd2 25. Rxd2 Rd8 26. h3 h5 27. Bd4 a5 28. Qd1 g6 29. Be3 Rxd2 30. Qxd2 b6 31. Kh2 Be6 32. Qc2 Bc5 33. Qe4 Qe2 34. Qa8+ Kh7 35. Bxc5 bxc5 36. Qb7 Qxa2 37. f5 gxf5 38. Qe7 Bd5 0-1


[Site "https://www.chess.com"]

[Event "Titled Tuesday Blitz February 28 Late 2023"]
[White "Alexakis, Dimitris"]
[Black "Caruana, Fabiano"]
[WhiteFideId "4277023"]
[BlackFideId "2020009"]
[WhiteElo "2493"]
[BlackElo "2818"]
[Result "0-1"]
[Round "04"]
[TimeControl "180+2"]
[Date "2023.02.28"]
[WhiteClock "0:00:01"]
[BlackClock "0:00:14"]

1. e4 c5 2. Nf3 e6 3. d4 cxd4 4. Nxd4 Nc6 5. Nc3 a6 6. g3 Nge7 7. Be3 Nxd4 8. Qxd4 Nc6 9. Qd2 b5 10. Bg2 Bb7 11. O-O Be7 12. f4 O-O 13. Rad1 d6 14. a4 b4 15. Ne2 a5 16. c4 bxc3 17. Nxc3 Qb8 18. Rf2 Nb4 19. f5 exf5 20. exf5 Bxg2 21. Kxg2 Qb7+ 22. Kg1 Bf6 23. Bd4 Bxd4 24. Qxd4 Rfe8 25. f6 Re6 26. Qg4 g6 27. Qf4 Qb8 28. Ne4 Qf8 29. Rxd6 Rxd6 30. Qxd6 Qe8 31. Qf4 Rd8 32. Kg2 Nd3 33. Qh6 Qf8 34. Qxf8+ Kxf8 35. Re2 Rd4 36. Kf3 Ne5+ 37. Kf4 Nc4 0-1


[Site "https://www.chess.com"]

[Event "Titled Tuesday Blitz February 28 Late 2023"]
[White "Real_OceanStorm"]
[Black "Paravyan, David"]
[BlackFideId "4194985"]
[WhiteElo "2774"]
[BlackElo "2577"]
[Result "0-1"]
[Round "04"]
[TimeControl "180+2"]
[Date "2023.02.28"]
[WhiteClock "0:00:37"]
[BlackClock "0:00:34"]

1. e4 e5 2. f4 exf4 3. Nf3 g5 4. h3 Bg7 5. d4 d6 6. Bc4 h6 7. O-O Nc6 8. c3 Nf6 9. Nbd2 Qe7 10. e5 dxe5 11. Nxe5 Nxe5 12. dxe5 Nd7 13. e6 fxe6 14. Re1 Ne5 15. Qh5+ Qf7 16. Qe2 Bd7 17. Bb3 O-O 18. Nf3 Nxf3+ 19. Qxf3 Bc6 20. Bxe6 Bxf3 21. Bxf7+ Kxf7 22. gxf3 Rad8 23. h4 Bf6 24. Kg2 Rfe8 25. Rxe8 Kxe8 26. hxg5 hxg5 27. Kf2 Rd1 28. a4 a5 29. Ke2 Rh1 30. Kd2 g4 31. fxg4 f3 32. Ke3 Rxc1 33. Ra3 Rf1 34. Rb3 Bg5+ 35. Ke4 f2 36. Kf5 Bd8 37. c4 Re1 38. Kg6 f1=Q 39. g5 Qf7+ 40. Kh6 Rh1+ 41. Rh3 Rxh3# 0-1


[Site "https://www.chess.com"]

[Event "Titled Tuesday Blitz February 28 Late 2023"]
[White "Quispe Arteaga, Gabriel"]
[Black "Deac, Bogdan-Daniel"]
[WhiteFideId "32059809"]
[BlackFideId "1226380"]
[WhiteElo "2274"]
[BlackElo "2649"]
[Result "1-0"]
[Round "04"]
[TimeControl "180+2"]
[Date "2023.02.28"]
[WhiteClock "0:00:16"]
[BlackClock "0:00:03"]

1. d4 Nf6 2. c4 e6 3. Nc3 Bb4 4. Qc2 d6 5. Nf3 c5 6. dxc5 dxc5 7. g3 Nc6 8. Bg2 h6 9. O-O O-O 10. Rd1 Qe7 11. a3 Bxc3 12. Qxc3 e5 13. h3 a5 14. Be3 Bf5 15. Nh4 Be6 16. Nf3 Nd4 17. Bxd4 cxd4 18. Qb3 Qc7 19. Rac1 Nd7 20. Qb5 a4 21. Nd2 Rfb8 22. c5 Ra5 23. Qb4 Nxc5 24. Nc4 Bxc4 25. Qxc4 b6 26. Bd5 Ra7 27. e3 dxe3 28. fxe3 Rf8 29. Kg2 Qe7 30. Qe2 e4 31. Rf1 Rd7 32. Rcd1 Qg5 33. Bc4 Rxd1 34. Rxd1 h5 35. h4 Qg4 36. Qxg4 hxg4 37. Rd6 Rb8 38. Be2 f5 39. Bc4+ Kf8 40. h5 Ke7 41. Rg6 Rd8 42. Rxg7+ Kf6 43. Rg6+ Ke5 44. h6 Rh8 45. Rxb6 Nd3 46. Re6# 1-0


[Site "https://www.chess.com"]

[Event "Titled Tuesday Blitz February 28 Late 2023"]
[White "Garcia Ramos, Daniel"]
[Black "Sjugirov, Sanan"]
[WhiteFideId "32010311"]
[BlackFideId "4189302"]
[WhiteElo "2341"]
[BlackElo "2569"]
[Result "0-1"]
[Round "04"]
[TimeControl "180+2"]
[Date "2023.02.28"]
[WhiteClock "0:00:09"]
[BlackClock "0:00:10"]

1. e4 d6 2. d4 Nf6 3. Nc3 e5 4. Nf3 Nbd7 5. g4 Nxg4 6. Rg1 Ngf6 7. Bc4 h6 8. Be3 c6 9. dxe5 dxe5 10. Qd3 Qa5 11. O-O-O b5 12. Bb3 Ba6 13. Nd2 Rd8 14. Qf1 g5 15. h4 Bb4 16. Ncb1 Bxd2+ 17. Nxd2 c5 18. hxg5 hxg5 19. Rxg5 c4 20. Nxc4 bxc4 21. Bxc4 Bxc4 22. Qxc4 Rb8 23. Rg7 Rf8 24. f3 Qb5 25. Qc3 Qa6 26. a3 Rc8 27. Qd3 Qxd3 28. Rxd3 a6 29. Rd6 Rh8 30. b4 Rh3 31. Bg5 Rxf3 32. Bxf6 Nxf6 33. Rxf6 Rxf6 34. Rg5 Ke7 35. Rg2 Rfc6 36. Rd2 f6 37. Kb2 Rc4 38. Re2 Ke6 39. Kb3 Rc3+ 40. Kb2 f5 41. exf5+ Kxf5 42. Rh2 Rg3 43. Rh7 e4 44. Ra7 e3 45. Rf7+ Ke4 0-1


[Site "https://www.chess.com"]

[Event "Titled Tuesday Blitz February 28 Late 2023"]
[White "Durarbayli, Vasif"]
[Black "Costachi, Mihnea"]
[WhiteFideId "13402935"]
[BlackFideId "1217518"]
[WhiteElo "2543"]
[BlackElo "2456"]
[Result "1/2-1/2"]
[Round "04"]
[TimeControl "180+2"]
[Date "2023.02.28"]
[WhiteClock "0:00:09"]
[BlackClock "0:00:10"]

1. e4 e5 2. Nf3 Nc6 3. Bb5 a6 4. Ba4 d6 5. c3 Bd7 6. d4 g6 7. O-O Bg7 8. Re1 Nf6 9. h3 O-O 10. Nbd2 Re8 11. Bc2 b5 12. a3 Qe7 13. Nf1 Qf8 14. Ng3 Bh6 15. b4 Bxc1 16. Rxc1 Rad8 17. Bb3 Qh6 18. Qd3 Qf4 19. Rcd1 Bc8 20. a4 exd4 21. axb5 axb5 22. Nxd4 Nxd4 23. cxd4 c6 24. Re3 Be6 25. Bxe6 Rxe6 26. Rde1 h5 27. Ne2 Qh6 28. Nc3 Rde8 29. d5 cxd5 30. exd5 Rxe3 31. Rxe3 Rxe3 32. Qxe3 Qf8 33. Nxb5 Qb8 34. Qd3 Qb6 35. Qc4 Kg7 36. Nc3 Nd7 37. Qc6 Qxb4 38. Qxd7 Qxc3 39. Qxd6 Qe1+ 40. Kh2 Qxf2 41. Qe5+ Qf6 42. Qg3 h4 43. Qc7 Qd4 44. d6 Qe5+ 45. Kg1 Qe1+ 46. Kh2 Qg3+ 47. Kg1 Qe1+ 48. Kh2 Qe5+ 49. Kg1 Qe1+ 1/2-1/2


[Site "https://www.chess.com"]

[Event "Titled Tuesday Blitz February 28 Late 2023"]
[White "Tan, Zhongyi"]
[Black "Kamsky, Gata"]
[WhiteFideId "8603642"]
[BlackFideId "2000024"]
[WhiteElo "2519"]
[BlackElo "2666"]
[Result "0-1"]
[Round "04"]
[TimeControl "180+2"]
[Date "2023.02.28"]
[WhiteClock "0:00:01"]
[BlackClock "0:00:28"]

1. d4 Nf6 2. c4 g6 3. Nc3 Bg7 4. e4 d6 5. h3 e5 6. d5 a5 7. Be3 Na6 8. Nf3 Nc5 9. Nd2 h5 10. g3 Bh6 11. Qf3 h4 12. O-O-O Nh5 13. Be2 Bd7 14. Bxh6 Rxh6 15. Qe3 Rh8 16. Bxh5 Rxh5 17. g4 Rh8 18. Kc2 Qe7 19. Nb3 Nxb3 20. axb3 b6 21. Ra1 O-O-O 22. b4 axb4 23. Na2 Kb7 24. Nxb4 Ra8 25. b3 f5 26. f3 fxg4 27. fxg4 Rhf8 28. Rxa8 Kxa8 29. Kb2 Kb7 30. Nc2 Qf6 31. Qe2 Qf2 32. Rh2 Qxe2 33. Rxe2 Rf3 34. Rh2 b5 35. Na3 Kb6 36. Nxb5 Bxb5 37. cxb5 Kxb5 38. Ka2 Re3 39. Rc2 Kb6 40. Rf2 Rxh3 41. Rf6 Re3 42. Rxg6 Rxe4 43. g5 Rg4 44. Rh6 Rxg5 45. Rxh4 Rg2+ 46. Ka3 Rd2 47. Rb4+ Ka6 48. Ra4+ Kb7 49. Rb4+ Kc8 50. Rb5 Rd4 51. Kb2 e4 52. Kc3 e3 53. Kxd4 e2 54. Ra5 e1=Q 0-1


[Site "https://www.chess.com"]

[Event "Titled Tuesday Blitz February 28 Late 2023"]
[White "Siddharth, Jagadeesh"]
[Black "Norowitz, Yaacov"]
[WhiteFideId "5818320"]
[BlackFideId "2024799"]
[WhiteElo "2303"]
[BlackElo "2401"]
[Result "0-1"]
[Round "04"]
[TimeControl "180+2"]
[Date "2023.02.28"]
[WhiteClock "0:00:07"]
[BlackClock "0:00:35"]

1. d4 Nf6 2. c4 e5 3. dxe5 Ne4 4. Nf3 Nc6 5. e3 d6 6. Nbd2 Bf5 7. Nxe4 Bxe4 8. Bd3 Bxd3 9. Qxd3 dxe5 10. Qe2 Bb4+ 11. Bd2 e4 12. Nd4 Ne5 13. O-O Bxd2 14. Qxd2 c5 15. Nb3 Qxd2 16. Nxd2 f5 17. b3 O-O-O 18. Rad1 Nd3 19. Nb1 Rd7 20. Rd2 Rhd8 21. Rfd1 Kc7 22. Nc3 Kc6 23. Kf1 a6 24. f3 exf3 25. gxf3 Ne5 26. Rxd7 Rxd7 27. Rxd7 Nxd7 28. Ke2 b5 29. cxb5+ axb5 30. a4 b4 31. Nb1 g5 32. Nd2 Ne5 33. f4 gxf4 34. exf4 Ng6 35. Ke3 Kd5 36. Nc4 Ne7 37. a5 Kc6 38. Kd3 Nd5 39. a6 Nxf4+ 40. Kd2 Ne6 41. Nd6 Kxd6 0-1


[Site "https://www.chess.com"]

[Event "Titled Tuesday Blitz February 28 Late 2023"]
[White "Arencibia Monduy, Antonio"]
[Black "Hansen, Eric"]
[WhiteFideId "3507939"]
[BlackFideId "2606771"]
[WhiteElo "2552"]
[BlackElo "2569"]
[Result "0-1"]
[Round "04"]
[TimeControl "180+2"]
[Date "2023.02.28"]
[WhiteClock "0:00:02"]
[BlackClock "0:01:10"]

1. e4 c5 2. Nf3 e6 3. c3 Nf6 4. e5 Nd5 5. d4 cxd4 6. cxd4 d6 7. exd6 Bxd6 8. Bd3 O-O 9. O-O h6 10. Nc3 Nc6 11. Qe2 Bd7 12. Qe4 Nf6 13. Qh4 e5 14. Bxh6 e4 15. Qg5 Ne8 16. Qxd8 Rxd8 17. Nxe4 gxh6 18. Nxd6 Nxd6 19. h3 Nb4 20. Rfd1 Ba4 21. b3 Bc6 22. Ne5 Nxd3 23. Rxd3 Be4 24. Rg3+ Kh7 25. Re1 f6 26. Nc4 Nxc4 27. Rxe4 Nd6 28. Re6 Nf5 29. Rc3 Rf7 30. Rf3 Kg6 31. Re4 Rxd4 32. Re8 h5 33. g3 Rfd7 34. Rg8+ Ng7 35. Kg2 Rd3 36. Rf4 R7d4 37. Rxd4 Rxd4 38. Rb8 Rd7 39. Kf3 Ne6 40. Rg8+ Kf7 41. Rh8 Ng5+ 42. Kg2 Kg6 43. Ra8 a6 44. h4 Ne4 45. Re8 Kf5 46. Rh8 Rd2 47. Rxh5+ Kg4 48. Rh7 Rxf2+ 49. Kg1 Rxa2 50. h5 Ng5 51. h6 Nxh7 0-1


[Site "https://www.chess.com"]

[Event "Titled Tuesday Blitz February 28 Late 2023"]
[White "Kollars, Dmitrij"]
[Black "Berezin, Viktor"]
[WhiteFideId "12909572"]
[BlackFideId "14107872"]
[WhiteElo "2584"]
[BlackElo "2310"]
[Result "0-1"]
[Round "04"]
[TimeControl "180+2"]
[Date "2023.02.28"]
[WhiteClock "0:00:07"]
[BlackClock "0:00:15"]

1. d4 Nf6 2. c4 g6 3. Nf3 Bg7 4. Nc3 O-O 5. g3 d6 6. Bg2 Nc6 7. O-O a6 8. Bf4 Rb8 9. Rc1 h6 10. d5 Na5 11. Nd2 c5 12. dxc6 bxc6 13. Nb3 Nxb3 14. axb3 c5 15. Ra1 Qb6 16. Ra3 Bb7 17. Bxb7 Rxb7 18. Qd2 Kh7 19. Rfa1 Rfb8 20. h4 Qc7 21. Qc2 Qd7 22. Kg2 Qg4 23. f3 Qe6 24. e4 Nd7 25. Nd5 Ne5 26. Bxe5 Qxe5 27. R1a2 Qd4 28. Nf4 h5 29. Ne2 Qe3 30. Nc1 Bd4 31. Qd1 Qf2+ 32. Kh3 Be5 33. f4 Bg7 34. Rxa6 Qe3 35. Qc2 Rxb3 36. Nxb3 Rxb3 37. Qg2 Qxf4 38. R6a3 Qg4+ 39. Kh2 Rb4 40. b3 Be5 41. Qh3 Qxe4 42. Rf2 Kg7 43. Kg1 Qb1+ 44. Kg2 Rxb3 45. Rxb3 Qxb3 46. Qh2 Qxc4 47. Kh3 Qe6+ 48. Kg2 Bd4 49. Kg1 Bxf2+ 50. Qxf2 c4 51. Kh2 Qf6 52. Qd2 c3 53. Qc2 d5 54. Qd3 d4 55. Kg1 e5 56. Qe4 Qf5 57. Qd5 c2 58. Qc5 d3 59. Qc3 Qe4 60. Kh2 Qe2+ 61. Kh3 d2 62. Qxc2 d1=Q 63. Qe4 Qxe4 64. Kh2 Qdh1# 0-1


[Site "https://www.chess.com"]

[Event "Titled Tuesday Blitz February 28 Late 2023"]
[White "Liu, Eric"]
[Black "Matlakov, Maxim"]
[WhiteFideId "30960240"]
[BlackFideId "4168003"]
[WhiteElo "2094"]
[BlackElo "2666"]
[Result "0-1"]
[Round "04"]
[TimeControl "180+2"]
[Date "2023.02.28"]
[WhiteClock "0:00:15"]
[BlackClock "0:01:28"]

1. Nf3 d5 2. b3 Bf5 3. Bb2 e6 4. e3 Nf6 5. Be2 h6 6. O-O Bd6 7. c4 Nbd7 8. d3 Bh7 9. Re1 O-O 10. Bf1 a5 11. a3 c6 12. Nbd2 Qb6 13. e4 dxe4 14. Nxe4 Be7 15. Nxf6+ Nxf6 16. d4 Rad8 17. Bd3 Bxd3 18. Qxd3 c5 19. Qc3 cxd4 20. Nxd4 Bc5 21. Red1 e5 22. Nb5 Bxf2+ 23. Kh1 Ng4 24. h3 Bd4 25. Nxd4 Nf2+ 26. Kh2 Nxd1 27. Rxd1 exd4 28. Rxd4 Rxd4 29. Qxd4 Qxd4 30. Bxd4 Rd8 31. Bb6 Rd3 32. b4 a4 33. Kg1 Rxa3 34. c5 Rb3 35. Kf2 a3 36. Bc7 Rb2+ 37. Kf3 a2 0-1


[Site "https://www.chess.com"]

[Event "Titled Tuesday Blitz February 28 Late 2023"]
[White "Fiorito, Joaquin"]
[Black "Pranav, V"]
[WhiteFideId "180173"]
[BlackFideId "25060783"]
[WhiteElo "2157"]
[BlackElo "2500"]
[Result "0-1"]
[Round "04"]
[TimeControl "180+2"]
[Date "2023.02.28"]
[WhiteClock "0:00:04"]
[BlackClock "0:00:46"]

1. d4 d5 2. Nc3 Nf6 3. Bf4 c5 4. e4 Nxe4 5. Bb5+ Bd7 6. Nxd5 e5 7. Bxd7+ Nxd7 8. dxe5 Nb6 9. Nxb6 Qxb6 10. Nf3 Rd8 11. Qe2 Qb4+ 12. Nd2 Nxd2 13. Bxd2 Qxb2 14. O-O Be7 15. Rab1 Qxc2 16. Qb5+ Kf8 17. Be3 b6 18. Rfc1 Qf5 19. Rd1 g5 20. Rxd8+ Bxd8 21. Rd1 Kg7 22. h3 Bc7 23. e6 Qxe6 24. Bxg5 Qe5 25. f4 Qe3+ 26. Kh1 Bxf4 27. Qb2+ Qe5 28. Qxe5+ Bxe5 29. Rd7 a5 30. Rb7 Rb8 31. Rd7 c4 32. Re7 Bf6 33. Bxf6+ Kxf6 34. Rc7 b5 35. Kg1 Ke5 36. Kf2 Kd4 37. Ke2 Kc3 38. Rxf7 Kb2 39. Rf2 Kxa2 40. Kd1+ Kb3 41. Kc1 c3 42. g4 Re8 43. Rf1 Re2 44. h4 Ra2 0-1


[Site "https://www.chess.com"]